 Dungeon Sprint DCSS version 0.20-a0-833-gc632bec (webtiles) character file.

11400000 esc the Formicid Barricade (level 27, -9/249 HPs)
             Began as a Formicid Fighter on Mar 7, 2017.
             Was the Champion of Makhleb.
             Killed by the air
             ... invoked by a tyrant
              (69 damage)
             ... in the Dungeon (Sprint VIII: "Arena of Blood").
             The game lasted 00:03:39 (114 turns).

esc the Formicid Barricade (Formicid Fighter)        Turns: 114, Time: 00:03:40

Health: -9/249     AC: 13    Str: 27    XL:     27
Magic:  46/54      EV: 29    Int: 10    God:    Makhleb [******]
Gold:   0          SH: 19    Dex: 15    Spells: 80/80 levels left

rFire    + . .     SeeInvis +   l - +∞ Axe of Woe
rCold    . . .     Gourm    .   b - +0 scale mail
rNeg     . . .     Faith    .   c - +0 shield
rPois    .         Spirit   .   (helmet unavailable)
rElec    .         Reflect  .   (no cloak)
rCorr    .         Harm     .   (no gloves)
MR       ++...                  (no boots)
Stlth    ++++++++..             (no amulet)
Regen    0.6/turn               (no ring)
MPRegen  0.4/turn               m - ring of protection from fire {rF+, !d}

@: no status effects
A: permanent stasis, dig shafts and tunnels, four strong arms, antennae 3
a: Dig, Minor Destruction, Lesser Servant of Makhleb, Major Destruction, Greater
Servant of Makhleb, Renounce Religion


You were in the Dungeon.
You worshipped Makhleb.
Makhleb was exalted by your worship.
You were not hungry.

You visited 1 branch

Inventory:

Hand Weapons
 a - a +0 war axe
 l - the +∞ Axe of Woe (weapon)
   (You found it in the Dungeon)
Armour
 b - a +0 scale mail (worn)
 c - a +0 shield (worn)
Jewellery
 m - a ring of protection from fire (left hand) {rF+, !d}
   (You found it in the Dungeon)
Scrolls
 k - a scroll of blinking {!r}
Potions
 d - a potion of might
 e - a potion of curing
 h - a potion of haste
 i - 2 potions of magic
 j - a potion of berserk rage {!q}
Comestibles
 f - a bread ration {@e1}


   Skills:
 O Level 27 Fighting
 O Level 27 Axes
 O Level 27 Throwing
 O Level 27 Armour
 O Level 27 Dodging
 O Level 27 Stealth
 O Level 27 Shields
 O Level 27 Unarmed Combat
 O Level 27 Spellcasting
 O Level 27 Invocations


You had 80 spell levels left.
You didn't know any spells.

Dungeon Overview and Level Annotations

Branches:
Dungeon (1/1)

Altars:
Makhleb


Innate Abilities, Weirdness & Mutations

You cannot be hasted, slowed, berserked, paralysed or teleported.
You can dig through walls and to a lower floor.
Your four strong arms can wield two-handed weapons with a shield.
You have a pair of large antennae on your head. (SInv)


Message History

You destroy the wretched soul!
Makhleb accepts your kill.
You feel better.
You slash the observer!
You cleave the observer in twain.
You kill the observer!
Makhleb accepts your kill.
You feel better.
You slice the bag of meat!!
You dissect the bag of meat like a pig carcass.
You kill the bag of meat!
Makhleb accepts your kill.
You feel better. The dread throws damnation at you.
The sphere of damnation explodes!
The damnation engulfs you!
You hear a shout! x2
A crawling corpse suddenly disappears!
The dread appears out of thin air!
A dread comes into view.
You hear a shout!
A crawling corpse merges with a large abomination.
The eight-headed meat hydra calls on the powers of darkness!
The eight-headed meat hydra convulses!
The meat berserker convulses!
The bag of meat convulses! x2; The meat berserker convulses!
The bag of meat convulses!
The eight-headed meat hydra convulses! x2
The bag of meat convulses!
Your body is wracked with pain!
You hear a shout!
A bag of meat comes into view. It is wielding a +9 war axe.
You regained 66 hp, and now have 87/249 hp.
Unknown command.
A phantom, a wraith and a skeletal warrior come into view.
You hear a shout!
The meat berserker hits you with a +9 battleaxe!!!
* * * LOW HITPOINT WARNING * * *
The eight-headed meat hydra calls on the powers of darkness!
The eight-headed meat hydra convulses!
The bag of meat convulses! x2
The meat berserker convulses! x2; The bag of meat convulses!
The eight-headed meat hydra convulses!
The bag of meat convulses!
The bag of meat shouts!
The eight-headed meat hydra convulses!
The bag of meat convulses!
Your body is wracked with pain!
* * * LOW HITPOINT WARNING * * *
The bag of meat convulses!
The meat berserker convulses!
The bag of meat convulses!
You hear a shout!
The eight-headed meat hydra calls on the powers of darkness!
The eight-headed meat hydra convulses!
The bag of meat convulses!
Your body is wracked with pain!
* * * LOW HITPOINT WARNING * * *
The bag of meat convulses! x2; The meat berserker convulses!
The bag of meat convulses!
The eight-headed meat hydra convulses!
The meat berserker convulses!
The bag of meat convulses!
The meat berserker convulses!
The bag of meat convulses!
The eight-headed meat hydra convulses!
You hear a shout!
A destroyer comes into view.
It is wielding a +9 great sword of slicing.
Items here: )) == †† a +9 war axe; a +30 ring of slaying; a +9 war axe; a +30 ring of slaying a bag of meat corpse x2
You take 73 damage, and have 14/249 hp.
MASSIVE DAMAGE!!
The destroyer shouts!
You hit the bag of meat but do no damage.
You slaughter the bag of meat joyfully.
You kill the bag of meat!
Makhleb accepts your kill.
You feel better.
You dice the meat berserker like an onion!!!
You hew the meat berserker savagely.
You kill the meat berserker!
Makhleb accepts your kill.
You feel better.
You hear a shout! x2
The tyrant waves its bony arms in wide circles.
The air twists around and strikes you!
You hear a shout!
The eight-headed meat hydra calls on the powers of darkness!
The eight-headed meat hydra convulses!
The bag of meat convulses!
The meat berserker convulses!
The bag of meat convulses! x2
The eight-headed meat hydra convulses!
The meat berserker convulses!
The bag of meat convulses!
The eight-headed meat hydra convulses!
The bag of meat convulses!
Your body is wracked with pain!
* * * LOW HITPOINT WARNING * * *
The bag of meat convulses! x2
The dread throws damnation at you.
The sphere of damnation explodes!
The damnation engulfs you!
* * * LOW HITPOINT WARNING * * *
You hear a shout!
A sculptor of flesh comes into view. It is wielding a +9 great sword.
Unknown command.
Unknown command.
Unknown command.
You regained 14 hp, and now have 28/249 hp.
You carve the bag of meat like a ham!!!
You cleave the bag of meat in twain.
You kill the bag of meat!
Makhleb accepts your kill.
You feel better.
You hear a shout!
The tyrant waves its bony arms in wide circles.
The air twists around and strikes you!
You die...

z.)#...))#))..x))#.....#.
.§z{###)..)).))))#_.<._#
)x.##..))#§))x)))#.....#
o§#.)))))))#))).§..._......
))#..)))))X)Xx{....###......
)%....))...o))###.......###.
.)%%......%.)oo.#x......#{{
......%......)).#)......#{{
.......#...M..o)@)W.D..z.
...%.%#.#.#.......Wooo.V
.......#.#...W...OWO..WD
###...#.#.#.........o...
#o..#.#.....#..L.D.z.
.............W...
......##.#...... .....
.........


You could see an accursed, a tyrant, 3 eight-headed meat hydras, a destroyer, 2
sculptors of flesh, 2 large abominations, 2 wretched souls, 4 dreads, 2 meat
berserkers, a small abomination, 8 bags of meat and a crawling corpse.

Vanquished Creatures
  11 hell beasts (D)
  2 greater mummies (D)
  4 great orbs of eyes (D)
  4 wraiths (D)
  12 vampire knights (D)
  37 ogres (D)
  7 two-headed ogres (D)
  7 liches (D)
  91 orcs (D)
  4 phantoms (D)
  7 skeletal warriors (D)
  8 small abominations (D)
  8 large abominations (D)
  10 crawling corpses (D)
212 creatures vanquished.

Vanquished Creatures (others)
  5 orcs (D)
  A small abomination (D)
  7 crawling corpses (D)
13 creatures vanquished.

Grand Total: 225 creatures vanquished

Notes
Turn   | Place    | Note
-------+----------+-------------------------------------------
     0 | D        | esc the Formicid Fighter began the quest for the Orb.
     0 | D        | Reached XP level 1. HP: 18/18 MP: 1/1
     3 | D        | Noticed a bag of meat
     4 | D        | Became a worshipper of Makhleb the Destroyer
     5 | D        | Noticed a bag of meat
     5 | D        | Noticed a bag of meat
     5 | D        | Noticed a bag of meat
     6 | D        | Noticed a meat berserker
     6 | D        | Noticed a bag of meat
     6 | D        | Noticed a bag of meat
     6 | D        | Noticed a bag of meat
     7 | D        | Noticed a bag of meat
     7 | D        | Noticed a meat berserker
     7 | D        | Noticed a meat berserker
     7 | D        | Noticed a bag of meat
     9 | D        | Killed a bag of meat
     9 | D        | Reached skill level 14 in Fighting
     9 | D        | Reached skill level 13 in Axes
     9 | D        | Reached skill level 14 in Armour
     9 | D        | Reached skill level 12 in Dodging
     9 | D        | Reached skill level 15 in Shields
     9 | D        | Reached XP level 2. HP: 43/43 MP: 2/2
     9 | D        | Reached XP level 3. HP: 49/49 MP: 3/3
     9 | D        | Reached XP level 4. HP: 56/56 MP: 4/4
     9 | D        | Reached XP level 5. HP: 62/62 MP: 5/5
     9 | D        | Reached XP level 6. HP: 69/69 MP: 6/6
     9 | D        | Reached XP level 7. HP: 75/75 MP: 7/7
     9 | D        | Reached XP level 8. HP: 82/82 MP: 8/8
     9 | D        | Reached XP level 9. HP: 88/88 MP: 9/9
     9 | D        | Reached XP level 10. HP: 95/95 MP: 10/10
     9 | D        | Reached XP level 11. HP: 101/101 MP: 11/11
     9 | D        | Reached XP level 12. HP: 108/108 MP: 12/12
     9 | D        | Killed a bag of meat
     9 | D        | Reached * piety under Makhleb
     9 | D        | Reached skill level 16 in Fighting
     9 | D        | Reached skill level 15 in Axes
     9 | D        | Reached skill level 16 in Armour
     9 | D        | Reached skill level 14 in Dodging
     9 | D        | Reached skill level 17 in Shields
     9 | D        | Reached XP level 13. HP: 119/119 MP: 13/13
     9 | D        | Killed a bag of meat
     9 | D        | Reached skill level 17 in Fighting
     9 | D        | Reached skill level 16 in Axes
     9 | D        | Reached skill level 17 in Armour
     9 | D        | Reached skill level 15 in Dodging
     9 | D        | Reached skill level 19 in Shields
     9 | D        | Reached XP level 14. HP: 129/129 MP: 14/14
     9 | D        | Killed a bag of meat
     9 | D        | Reached skill level 19 in Fighting
     9 | D        | Reached skill level 17 in Axes
     9 | D        | Reached skill level 19 in Armour
     9 | D        | Reached skill level 16 in Dodging
     9 | D        | Reached skill level 20 in Shields
     9 | D        | Reached XP level 15. HP: 139/139 MP: 15/15
    10 | D        | Killed a meat berserker
    10 | D        | Reached ** piety under Makhleb
    10 | D        | Reached skill level 20 in Fighting
    10 | D        | Reached skill level 19 in Axes
    10 | D        | Reached skill level 20 in Armour
    10 | D        | Reached skill level 18 in Dodging
    10 | D        | Reached skill level 22 in Shields
    10 | D        | Reached XP level 16. HP: 80/150 MP: 16/16
    10 | D        | Killed a meat berserker
    10 | D        | Reached skill level 22 in Fighting
    10 | D        | Reached skill level 20 in Axes
    10 | D        | Reached skill level 22 in Armour
    10 | D        | Reached skill level 19 in Dodging
    10 | D        | Reached skill level 24 in Shields
    10 | D        | Reached skill level 23 in Fighting
    10 | D        | Reached skill level 21 in Axes
    10 | D        | Reached skill level 23 in Armour
    10 | D        | Reached skill level 20 in Dodging
    10 | D        | Reached XP level 17. HP: 163/163 MP: 17/17
    11 | D        | Noticed a meat berserker
    11 | D        | Noticed a meat berserker
    12 | D        | Noticed a meat berserker
    12 | D        | Killed a meat berserker
    12 | D        | Reached *** piety under Makhleb
    12 | D        | Reached skill level 24 in Fighting
    12 | D        | Reached skill level 22 in Axes
    12 | D        | Reached skill level 24 in Armour
    12 | D        | Reached skill level 21 in Dodging
    12 | D        | Reached skill level 26 in Shields
    12 | D        | Reached XP level 18. HP: 175/175 MP: 18/18
    13 | D        | Killed a meat berserker
    13 | D        | Reached skill level 25 in Fighting
    13 | D        | Reached skill level 24 in Axes
    13 | D        | Reached skill level 25 in Armour
    13 | D        | Reached skill level 22 in Dodging
    13 | D        | Reached skill level 27 in Shields
    13 | D        | Reached skill level 26 in Fighting
    13 | D        | Reached skill level 26 in Armour
    13 | D        | Reached skill level 23 in Dodging
    14 | D        | Noticed a meat berserker
    14 | D        | Killed a meat berserker
    14 | D        | Reached **** piety under Makhleb
    14 | D        | Reached skill level 27 in Fighting
    14 | D        | Reached skill level 26 in Axes
    14 | D        | Reached skill level 27 in Armour
    14 | D        | Reached skill level 25 in Dodging
    14 | D        | Reached XP level 19. HP: 189/189 MP: 19/19
    14 | D        | Reached skill level 27 in Axes
    14 | D        | Reached skill level 27 in Dodging
    16 | D        | Reached skill level 6 in Throwing
    16 | D        | Reached skill level 8 in Stealth
    16 | D        | Reached skill level 6 in Unarmed Combat
    16 | D        | Reached skill level 6 in Spellcasting
    16 | D        | Reached skill level 8 in Invocations
    16 | D        | Reached XP level 20. HP: 197/197 MP: 19/30
    16 | D        | Reached skill level 9 in Throwing
    16 | D        | Reached skill level 12 in Stealth
    16 | D        | Reached skill level 9 in Unarmed Combat
    16 | D        | Reached skill level 9 in Spellcasting
    16 | D        | Reached skill level 11 in Invocations
    18 | D        | Noticed a meat berserker
    18 | D        | Killed a meat berserker
    18 | D        | Reached ***** piety under Makhleb
    18 | D        | Reached skill level 13 in Throwing
    18 | D        | Reached skill level 16 in Stealth
    18 | D        | Reached skill level 13 in Unarmed Combat
    18 | D        | Reached skill level 13 in Spellcasting
    18 | D        | Reached skill level 15 in Invocations
    18 | D        | Reached skill level 14 in Throwing
    18 | D        | Reached skill level 18 in Stealth
    18 | D        | Reached skill level 14 in Unarmed Combat
    18 | D        | Reached skill level 14 in Spellcasting
    18 | D        | Reached skill level 16 in Invocations
    18 | D        | Reached XP level 21. HP: 204/204 MP: 19/39
    19 | D        | Killed a meat berserker
    19 | D        | Reached skill level 16 in Throwing
    19 | D        | Reached skill level 20 in Stealth
    19 | D        | Reached skill level 16 in Unarmed Combat
    19 | D        | Reached skill level 16 in Spellcasting
    19 | D        | Reached skill level 19 in Invocations
    19 | D        | Reached skill level 17 in Throwing
    19 | D        | Reached skill level 21 in Stealth
    19 | D        | Reached skill level 17 in Unarmed Combat
    19 | D        | Reached skill level 17 in Spellcasting
    19 | D        | Reached skill level 20 in Invocations
    19 | D        | Killed a meat berserker
    19 | D        | Reached skill level 19 in Throwing
    19 | D        | Reached skill level 23 in Stealth
    19 | D        | Reached skill level 19 in Unarmed Combat
    19 | D        | Reached skill level 19 in Spellcasting
    19 | D        | Reached skill level 22 in Invocations
    19 | D        | Reached XP level 22. HP: 212/212 MP: 19/45
    19 | D        | Reached skill level 20 in Throwing
    19 | D        | Reached skill level 24 in Stealth
    19 | D        | Reached skill level 20 in Unarmed Combat
    19 | D        | Reached skill level 20 in Spellcasting
    19 | D        | Reached skill level 23 in Invocations
    19 | D        | Reached skill level 25 in Stealth
    20 | D        | Noticed a meat berserker
    21 | D        | Noticed a destroyer
    21 | D        | Noticed a destroyer
    21 | D        | Noticed a meat berserker
    22 | D        | Noticed a meat berserker
    22 | D        | Killed a destroyer
    22 | D        | Reached skill level 22 in Throwing
    22 | D        | Reached skill level 27 in Stealth
    22 | D        | Reached skill level 22 in Unarmed Combat
    22 | D        | Reached skill level 22 in Spellcasting
    22 | D        | Reached skill level 26 in Invocations
    22 | D        | Reached XP level 23. HP: 219/219 MP: 20/49
    22 | D        | Reached ****** piety under Makhleb
    22 | D        | Reached skill level 23 in Throwing
    22 | D        | Reached skill level 23 in Unarmed Combat
    22 | D        | Reached skill level 23 in Spellcasting
    22 | D        | Reached skill level 24 in Throwing
    22 | D        | Reached skill level 24 in Unarmed Combat
    22 | D        | Reached skill level 24 in Spellcasting
    22 | D        | Reached skill level 27 in Invocations
    23 | D        | Noticed a destroyer
    24 | D        | Noticed a large bag of meat
    24 | D        | Noticed a large bag of meat
    24 | D        | Reached skill level 26 in Throwing
    24 | D        | Reached skill level 26 in Unarmed Combat
    24 | D        | Reached skill level 26 in Spellcasting
    24 | D        | Reached skill level 27 in Throwing
    24 | D        | Reached skill level 27 in Unarmed Combat
    24 | D        | Reached skill level 27 in Spellcasting
    24 | D        | Reached XP level 24. HP: 227/227 MP: 20/54
    27 | D        | Reached XP level 25. HP: 234/234 MP: 21/54
    28 | D        | Reached XP level 26. HP: 242/242 MP: 21/54
    29 | D        | Noticed a destroyer
    30 | D        | Killed a destroyer
    30 | D        | Reached XP level 27. HP: 249/249 MP: 22/54
    31 | D        | Noticed a destroyer
    33 | D        | Noticed a large bag of meat
    35 | D        | Killed a destroyer
    40 | D        | Noticed a destroyer
    41 | D        | Killed a destroyer
    49 | D        | Noticed a large bag of meat
    51 | D        | Killed a destroyer
    53 | D        | Noticed a tyrant
    53 | D        | Killed a large bag of meat
    53 | D        | Killed a large bag of meat
    54 | D        | Noticed a destroyer
    56 | D        | Noticed a large bag of meat
    56 | D        | Noticed a large bag of meat
    57 | D        | Killed a tyrant
    57 | D        | Killed a destroyer
    64 | D        | Noticed a large bag of meat
    64 | D        | Noticed a dread
    65 | D        | Noticed a destroyer
    66 | D        | Noticed a tyrant
    67 | D        | Killed a destroyer
    67 | D        | Killed a large bag of meat
    68 | D        | Noticed a tyrant
    69 | D        | Noticed a dread
    69 | D        | Killed a dread
    70 | D        | Noticed a meat beast
    70 | D        | Noticed a meat beast
    70 | D        | Noticed a meat beast
    70 | D        | Killed a destroyer
    71 | D        | Noticed a dread
    71 | D        | Noticed a tyrant
    72 | D        | Noticed a destroyer
    72 | D        | Killed a large bag of meat
    73 | D        | Killed a large bag of meat
    74 | D        | Noticed a tyrant
    74 | D        | Killed a meat beast
    74 | D        | Killed a meat beast
    75 | D        | Killed a meat beast
    75 | D        | Killed a large bag of meat
    76 | D        | Noticed an accursed
    77 | D        | Noticed a meat beast
    77 | D        | Killed a destroyer
    78 | D        | Noticed a destroyer
    80 | D        | Killed a tyrant
    81 | D        | Noticed a tyrant
    81 | D        | Noticed a meat beast
    81 | D        | Killed a tyrant
    82 | D        | Killed a dread
    82 | D        | Killed a large bag of meat
    83 | D        | Killed a meat beast
    84 | D        | Killed a tyrant
    84 | D        | HP: 29/249 [wretched soul/bolt of negative energy (127)]
    86 | D        | Killed a tyrant
    87 | D        | Noticed a meat beast
    88 | D        | Killed a destroyer
    89 | D        | Noticed a destroyer
    90 | D        | Noticed a meat beast
    90 | D        | Noticed a destroyer
    90 | D        | Killed a meat beast
    90 | D        | Killed a dread
    91 | D        | Noticed a dread
    91 | D        | Noticed a meat beast
    92 | D        | Noticed an accursed
    92 | D        | Killed a meat beast
    93 | D        | Killed a meat beast
    94 | D        | Noticed a meat beast
    94 | D        | Killed a destroyer
    94 | D        | Noticed a tyrant
    97 | D        | Noticed a meat beast
    98 | D        | Killed an accursed
   100 | D        | Killed an accursed
   101 | D        | Noticed a meat beast
   101 | D        | Killed a tyrant
   103 | D        | Killed a meat beast
   103 | D        | Killed a dread
   104 | D        | Noticed an accursed
   104 | D        | Killed a meat beast
   104 | D        | Killed a destroyer
   105 | D        | Killed a tyrant
   105 | D        | Killed a meat beast
   106 | D        | Noticed a dread
   106 | D        | Noticed a tyrant
   106 | D        | Noticed a dread
   107 | D        | Killed a meat beast
   107 | D        | HP: 62/249 [dread/damnation (16)]
   110 | D        | HP: 21/249 [accursed/divine providence (15)]
   112 | D        | Noticed a dread
   112 | D        | Noticed a dread
   113 | D        | Noticed a destroyer
   114 | D        | Killed from afar by a tyrant

Vault maps used:
D:        meatsprint

Skill      XL: |  1  2  3  4  5  6  7  8  9 10 11 12 13 14 15 16 17 18 19 20 21 22 23 |
---------------+----------------------------------------------------------------------+-----
Fighting       | 14 16 17 19 20 23 24 27 | 27.0
Axes           | 13 15 16 17 19 21 22 26 27 | 27.0
Armour         | 14 16 17 19 20 23 24 27 | 27.0
Dodging        | 12 14 15 16 18 20 21 25 27 | 27.0
Shields        | 15 17 19 20 22 24 26 27 | 27.0
Throwing       | 6 14 19 22 27 | 27.0
Stealth        | 8 18 23 27 | 27.0
Unarmed Combat | 6 14 19 22 27 | 27.0
Spellcasting   | 6 14 19 22 27 | 27.0
Invocations    | 8 16 22 26 27 | 27.0

Action                   |  1- 3 |  4- 6 |  7- 9 | 10-12 | 13-15 | 16-18 | 19-21 | 22-24 | 25-27 || total
-------------------------+-------+-------+-------+-------+-------+-------+-------+-------+-------++-------
Melee: Executioner's axe |     1 |       |       |       |     1 |     3 |     3 |     5 |    52 ||    65
  Use: Potion            |       |       |       |       |       |       |       |       |     1 ||     1
Armor: Scale mail        |       |       |       |       |       |       |       |       |     4 ||     4
Dodge: Dodged            |       |       |       |       |       |       |       |       |     7 ||     7
Block: Shield            |       |       |       |       |       |       |     3 |     1 |    17 ||    21

Vault maps used:
D:        meatsprint

Table legend:
 A = Turns spent in this place as a percentage of turns spent in the entire game.
 B = Non-inter-level travel turns spent in this place as a percentage of non-inter-level travel turns spent in the entire game.
 C = Inter-level travel turns spent in this place as a percentage of turns spent in this place.
 D = Turns resting spent in this place as a percentage of non-inter-level travel turns spent in this place.
 E = Turns spent auto-exploring this place as a percentage of non-inter-level travel turns spent in this place.
 F = Non-inter-level travel turns spent in this place divided by the number of levels of this place that you've seen.
                   A       B       C       D       E      F
               +-------+-------+-------+-------+-------+----------------------
         Total | 100.0 | 100.0 |   0.0 |   0.0 |   0.0 | 228.0
       Dungeon | 100.0 | 100.0 |   0.0 |   0.0 |   0.0 | 228.0
               +-------+-------+-------+-------+-------+----------------------

Table legend:
 A = Kills in this place as a percentage of kills in entire the game.
 B = Kills by you in this place as a percentage of kills by you in the entire game.
 C = Kills by friends in this place as a percentage of kills by friends in the entire game.
 D = Other kills in this place as a percentage of other kills in the entire game.
 E = Experience gained in this place as a percentage of experience gained in the entire game.
 F = Experience gained in this place divided by the number of levels of this place that you have seen.
                   A       B       C       D       E      F
               +-------+-------+-------+-------+-------+----------------------
         Total | 100.0 | 100.0 |  -nan |  -nan | 100.0 | 5742189.0
       Dungeon | 100.0 | 100.0 |  -nan |  -nan | 100.0 | 5742189.0
               +-------+-------+-------+-------+-------+----------------------
